Map: [ESL] Oceanborn

Players

SHIN

  • Race: Zerg Zerg
  • Spawn Location: 5:00

Lambo - Winner!

  • Race: Zerg Zerg
  • Spawn Location: 11:00

Event: ESL SC2 Masters 2023 Winter (Finals)

VOD

Have the link to the VOD?

Description

Time

  • Played on: Dec. 15, 2023, 10:39 a.m.
  • Length: 12:30

All games in this series

Show
View Real Time Build Order
Export as new Build Order

SHIN Zerg 

Build Orders: Hatch First, Lurkers, Roach Hydra 

Get SALT Encoding   

  12  0:01  Drone  
  13  0:08  Drone  
  14  0:16  Extractor  
  14  0:17  Drone  
  15  0:38  Hatchery  
  15  0:41  Extractor  
  15  0:42  Drone  
  15  0:48  Overlord  
  15  1:02  Spawning Pool  
  14  1:06  Drone  
  14  1:09  Drone  
  16  1:13  Drone  
  16  1:17  Drone  
  18  1:28  Drone  
  18  1:31  Extractor  
  18  1:39  Drone  
  19  1:49  Queen x2  
  19  1:50  Drone x2  
  25  2:01  Drone, Overlord  
  26  2:11  Drone x2  
  28  2:21  Drone  
  28  2:22  Drone  
  30  2:25  Queen  
  32  2:30  Queen  
  32  2:33  Overlord  
  34  2:38  Metabolic Boost  
  34  2:42  Drone  
  34  2:44  Drone  
  36  2:52  Drone  
  36  2:53  Drone  
  36  2:54  Drone  
  36  2:57  Drone x2  
  36  2:58  Drone x2  
  43  2:59  Drone  
  43  3:04  Overlord  
  44  3:17  Evolution Chamber  
  44  3:18  Overlord  
  43  3:24  Roach Warren  
  43  3:26  Zergling x6  
  45  3:33  Zergling x10  
  50  3:40  Zergling x4  
  50  3:41  Zergling x6  
  55  3:48  Hatchery  
  54  3:51  Zerg Missile Weapons Level 1  
  54  3:53  Extractor  
  54  3:55  Overlord  
  53  3:59  Zergling x2  
  54  4:05  Zergling x6  
  54  4:06  Zergling x2  
  58  4:10  Overlord  
  58  4:18  Zergling x2  
  58  4:19  Zergling x6  
  60  4:25  Lair  
  60  4:28  Overlord  
  60  4:30  Drone x3  
  62  4:33  Drone  
  60  4:40  Drone x4  
  60  4:43  Drone  
  62  4:49  Extractor  
  56  4:53  Roach x2  
  56  4:58  Drone  
  58  5:00  Roach x3  
  58  5:03  Drone  
  58  5:05  Roach  
  67  5:11  Roach  
  67  5:12  Drone x3  
  74  5:14  Roach  
  74  5:16  Roach  
  76  5:22  Overseer  
  76  5:24  Glial Reconstitution  
  76  5:25  Drone  
  76  5:26  Drone, Extractor  
  76  5:27  Roach  
  79  5:31  Roach  
  79  5:33  Drone  
  79  5:35  Roach  
  84  5:39  Roach x2  
  88  5:43  Roach  
  88  5:46  Overlord x2  
  90  5:55  Overlord  
  90  6:03  Overlord  
  90  6:04  Queen x2  
  90  6:05  Drone x2  
  90  6:09  Drone  
  90  6:10  Hydralisk Den  
  96  6:15  Zerg Missile Weapons Level 2  
  96  6:16  Drone  
  97  6:19  Spore Crawler  
  97  6:20  Drone  
  97  6:22  Spore Crawler  
  97  6:24  Spore Crawler  
  95  6:28  Extractor, Drone x2  
  95  6:30  Overlord  
  96  6:34  Overlord  
  96  6:37  Drone x2  
  96  6:39  Overlord  
  98  6:44  Overlord  
  98  6:46  Grooved Spines  
  98  6:50  Drone x3  
  98  6:54  Hydralisk  
  101  6:57  Drone x3  
  105  7:01  Hydralisk  
  105  7:02  Hydralisk  
  105  7:05  Drone  
  105  7:08  Drone x2  
  109  7:09  Drone  
  109  7:12  Drone x2  
  112  7:16  Drone x3  
  112  7:19  Hydralisk, Extractor  
  112  7:22  Overlord  
  116  7:24  Hydralisk  
  116  7:26  Overlord  
  116  7:29  Overlord  
  119  7:30  Roach  
  119  7:31  Roach  
  119  7:32  Tunneling Claws  
  119  7:35  Burrow  
  121  7:37  Hydralisk  
  121  7:43  Muscular Augments  
  123  7:45  Hydralisk x2  
  123  7:48  Drone x3  
  123  7:49  Drone  
  131  7:51  Hydralisk  
  131  7:54  Hydralisk  
  131  7:55  Overlord  
  131  7:57  Overlord  
  135  8:00  Overlord  
  135  8:02  Hydralisk  
  135  8:05  Overseer  
  137  8:06  Hydralisk  
  137  8:10  Roach, Overlord  
  137  8:11  Roach  
  143  8:13  Roach  
  143  8:14  Overlord  
  143  8:17  Hydralisk  
  143  8:19  Roach  
  148  8:22  Roach x2  
  148  8:25  Roach x2  
  148  8:26  Overseer  
  156  8:29  Roach  
  156  8:31  Overlord  
  156  8:33  Roach  
  160  8:37  Roach x3  
  160  8:41  Zerg Ground Armor Level 1  
  166  8:46  Roach  
  166  8:47  Roach x2  
  172  8:53  Roach x4  
  180  8:57  Infestation Pit  
  180  9:00  Roach x3  
  185  9:03  Overseer  
  185  9:05  Overlord  
  185  9:08  Roach x4  
  185  9:09  Roach x4  
  185  9:14  Overlord  
  185  9:17  Overlord  
  185  9:18  Hatchery  
  182  9:25  Roach x4  
  188  9:31  Roach  
  188  9:32  Roach x3  
  194  9:38  Hive  
  194  9:42  Roach  
  194  9:43  Roach x2  
  194  9:45  Queen  
  186  9:53  Roach x5, Lurker Den  
  186  9:56  Roach  
  179  10:00  Roach x4  
  179  10:05  Drone  
  179  10:06  Drone  
  187  10:07  Overseer  
  187  10:08  Roach  
  187  10:09  Roach  
  191  10:18  Ravager  
  191  10:20  Roach x4  
  200  10:21  Hydralisk x3  
  200  10:22  Hydralisk x10  
  200  10:26  Roach x23  
  196  10:40  Extractor, Roach  
  196  10:41  Extractor, Roach x3  
  198  10:48  Roach x8  
  200  10:52  Roach x3  
  200  10:54  Roach x2  
  200  10:55  Roach  
  200  10:56  Roach x2  
  200  11:03  Roach x5  
  186  11:09  Roach x3  
  190  11:13  Roach x3  
  190  11:15  Hydralisk  
  190  11:18  Roach  
  184  11:22  Roach x2  
  184  11:23  Roach  
  184  11:24  Hydralisk, Roach  
  184  11:29  Seismic Spines  
  184  11:30  Lurker x2  
  186  11:37  Lurker x5  
  186  11:38  Roach x10  
  191  11:40  Overseer  
  191  11:41  Roach x2  
  191  11:43  Roach  
  191  11:44  Roach  
  197  11:51  Lurker  
  196  11:54  Roach x27  
  184  12:01  Hydralisk  
  184  12:02  Roach x6  
Show
View Real Time Build Order
Export as new Build Order

Lambo Zerg - Winner!

Build Orders: Hatch First 

Get SALT Encoding   

  12  0:00  Drone  
  13  0:12  Overlord  
  13  0:16  Drone  
  14  0:31  Drone x2  
  16  0:47  Hatchery  
  15  0:51  Drone  
  15  0:55  Drone  
  17  0:58  Drone  
  18  1:09  Extractor  
  17  1:13  Spawning Pool  
  17  1:16  Drone  
  17  1:19  Drone  
  18  1:27  Drone  
  19  1:38  Drone  
  20  1:49  Drone  
  21  1:59  Queen  
  21  2:00  Queen  
  21  2:01  Zergling x2, Overlord  
  26  2:10  Drone x2  
  28  2:21  Drone x2  
  30  2:31  Drone  
  30  2:32  Drone  
  32  2:37  Hatchery  
  32  2:42  Drone  
  32  2:45  Drone  
  33  2:52  Queen  
  33  2:53  Overlord  
  33  2:57  Drone  
  35  3:10  Drone  
  35  3:12  Drone x7  
  43  3:20  Lair  
  43  3:21  Drone  
  43  3:23  Evolution Chamber, Overlord  
  43  3:27  Extractor  
  43  3:28  Drone  
  43  3:29  Drone  
  44  3:40  Roach Warren  
  44  3:41  Drone x5  
  45  3:42  Drone  
  45  3:45  Drone  
  45  3:47  Extractor  
  49  3:48  Overlord  
  49  3:52  Zerg Missile Weapons Level 1  
  49  3:55  Drone x2  
  51  3:57  Drone  
  51  4:00  Overlord  
  52  4:05  Evolution Chamber  
  52  4:09  Extractor  
  50  4:14  Overlord  
  50  4:20  Spire  
  50  4:21  Roach  
  50  4:22  Roach x2  
  55  4:26  Evolution Chamber  
  55  4:27  Roach x2  
  59  4:34  Evolution Chamber x2  
  59  4:37  Roach x3  
  64  4:44  Roach x2  
  62  4:54  Glial Reconstitution  
  62  4:57  Queen x2  
  62  4:59  Roach  
  68  5:04  Overlord  
  68  5:18  Overlord, Hatchery  
  67  5:25  Drone  
  67  5:26  Drone x2  
  67  5:28  Overlord  
  70  5:31  Mutalisk  
  70  5:33  Mutalisk  
  74  5:37  Mutalisk  
  76  5:45  Mutalisk  
  76  5:49  Queen  
  78  5:56  Zerg Missile Weapons Level 2  
  80  6:02  Drone x4  
  84  6:06  Drone x6  
  90  6:15  Mutalisk  
  90  6:16  Overlord  
  92  6:23  Overlord  
  92  6:24  Overseer  
  92  6:28  Overlord  
  92  6:33  Mutalisk, Overlord  
  94  6:41  Drone x6, Extractor  
  94  6:45  Roach  
  101  6:53  Roach x2  
  105  6:58  Roach  
  107  7:02  Extractor  
  107  7:05  Roach x2  
  107  7:08  Overlord  
  109  7:11  Roach x3  
  109  7:12  Drone x3  
  109  7:13  Overlord  
  109  7:15  Roach x2  
  122  7:20  Drone x2  
  122  7:21  Ravager x4  
  128  7:25  Roach  
  130  7:30  Roach x3  
  130  7:36  Drone x3  
  139  7:38  Roach x2  
  143  7:45  Roach  
  143  7:46  Overlord  
  143  7:47  Overlord x3  
  143  7:50  Overlord  
  145  7:52  Drone  
  145  7:53  Overlord  
  145  7:56  Overlord  
  145  7:57  Overlord  
  146  8:04  Drone x3  
  146  8:05  Ravager x2  
  151  8:06  Roach  
  151  8:07  Roach  
  151  8:10  Roach  
  157  8:13  Zerg Ground Armor Level 1, Roach x4  
  157  8:14  Ravager  
  157  8:15  Ravager x2  
  157  8:17  Drone  
  173  8:20  Roach x2  
  173  8:21  Pneumatized Carapace  
  172  8:28  Roach x3  
  178  8:38  Hatchery  
  178  8:40  Roach x4  
  185  8:42  Overlord  
  185  8:44  Ravager x3  
  188  8:48  Roach  
  188  8:49  Roach  
  188  8:54  Roach x4  
  200  9:00  Infestation Pit  
  200  9:01  Overlord  
  199  9:08  Overseer  
  199  9:09  Spine Crawler x2  
  197  9:10  Spine Crawler  
  196  9:18  Overseer  
  196  9:20  Overlord  
  194  9:26  Roach x3  
  194  9:31  Roach  
  200  9:46  Roach  
  200  9:47  Overlord  
  196  9:53  Roach x3  
  196  9:59  Roach x5  
  200  10:02  Hive  
  200  10:11  Zerg Ground Armor Level 2  
  197  10:27  Spine Crawler  
  196  10:29  Roach x2  
  196  10:34  Roach x2  
  190  10:47  Roach x6  
  190  10:48  Roach  
  200  10:55  Roach x3  
  200  11:00  Roach x3  
  200  11:02  Roach x4  
  193  11:16  Roach x9  
  193  11:20  Roach x2  
  193  11:23  Roach  
  176  11:27  Ravager  
  175  11:33  Roach x4  
  175  11:34  Hydralisk Den  
  175  11:35  Ravager  
  175  11:37  Roach  
  175  11:38  Roach x7  
  193  11:50  Roach x3  
  193  11:53  Roach, Spine Crawler  
Tags
 
Add a new tag
Caveats
  • Supply blocks, unpowered buildings, or Contaminate may cause inaccurate times.
  • Supply counts are checked every 10 seconds.